Match 43945451
Unlisted

Match 43945451
End
Kettenkrad Recon Vehicle
Construct Infanterie Kompanie
MG 42 Machine Gun Team
GrW 34 Mortar Team
Grenadier Squad
Construct Luftwaffe Kompanie
Support Elements
Jäger Squad
Wirbelwind Flakpanzer
221 Scout Car
Selects Mechanized Battlegroup
Selects Mobile Repair Stations
Pioneer Squad
Wirbelwind Flakpanzer
Jäger Squad
Construct Panzergrenadier Kompanie
StuG III G Assault Gun
Jäger Squad
Pioneer Squad
Selects Raid Package
Selects StuG Assault Group
Side Skirts
Nebelwerfer 42 Rocket Launcher Team
Medical Bunker
Nebelwerfer 42 Rocket Launcher Team
Wirbelwind Flakpanzer
Pioneer Squad
Selects Panther Heavy Tank
Panther Heavy Tank
Pioneer Squad
Repair Bunker
Franz Schnitzel
Berry.Black
NEx'T .#
ShutTheFuckUppercut
MartyMcFly
Serial Chiller
abbodhadid1
brensmalls12345
0
0

Comments sign in to comment!

No comments posted yet!